 Dungeon Crawl Stone Soup version 0.31-a0-986-g5e6e4ef867 (webtiles) character file.

Game seed: 13504238584713410051

252 monsoonserge the Ruffian (level 6, -1/38 HPs)
             Began as an Octopode Shapeshifter on Nov 17, 2023.
             Slain by an iguana (11 damage)
             ... on level 4 of the Dungeon.
             The game lasted 00:05:23 (2206 turns).

monsoonserge the Ruffian (Octopode Shapeshifter)    Turns: 2206, Time: 00:05:24

Health: -1/38      AC:  5    Str: 22    XL:     6   Next: 14%
Magic:  6/6        EV: 13    Int: 12    God:
Gold:   146        SH:  5    Dex: 11    Spells: 5/5 levels left

rFire   . .          .
                       - Unarmed
rCold   + . .        (no shield)
rNeg    . . .        (helmet currently unavailable)
rPois   .            p - amulet of reflection
rElec   .            e - +6 ring of strength
rCorr   .            h - +4 ring of protection
SInv    .            q - ring of protection from cold
Will    .....        (no ring)
Stlth   ++           (no ring)
HPRegen 0.26/turn    (no ring)
MPRegen 0.10/turn    (no ring)
                     (no ring)

%: reflection
@: lethally poisoned (-1 -> -2), beast-form
A: beast (slay +2), almost no armour, amphibious, 8 rings, camouflage 1,
gelatinous body 1, (nimble swimmer 1), tentacles
a: Begin Untransformation


You were on level 4 of the Dungeon.
You were a hulking beast.
You visited 1 branch of the dungeon, and saw 4 of its levels.

You collected 146 gold pieces.

Inventory:

Missiles
 i - 4 curare-tipped darts
Jewellery
 e - a +6 ring of strength (left tentacle)
 f - an amulet of faith
 h - a +4 ring of protection (right tentacle)
 p - an amulet of reflection (around mantle)
 q - a ring of protection from cold (on tentacle)
Talismans
 b - a beast talisman
 c - a flux talisman
Scrolls
 l - 2 scrolls of fog {unknown}
 m - 3 scrolls of identify {unknown}
 n - a scroll of summoning {unknown}
 r - a scroll of teleportation {unknown}
Potions
 a - a potion of lignification
 d - 2 potions of experience {unknown}
 g - a potion of might {unknown}
 j - a potion of heal wounds {unknown}
 k - 2 potions of haste {unknown}
 o - a potion of curing {unknown}


   Skills:
 + Level 1.6 Fighting
 + Level 2.9 Dodging
 - Level 1.0 Stealth
 + Level 5.6 Unarmed Combat
 + Level 3.5 Shapeshifting


You had 5 spell levels left.
You didn't know any spells.
Your spell library contained the following spells:

 Spells                   Type           Power      Damage    Failure   Level
 Necrotise                Necr           0%         1d4       32%         1
 Vampiric Draining        Necr           0%         2d6       69%         3
 Passage of Golubria      Tloc           0%         N/A       97%         4
 Agony                    Necr           0%         N/A       100%        5
 Silence                  Hex/Air        0%         N/A       100%        5
 Lehudib's Crystal Spear  Conj/Erth      0%         10d2      100%        8


Dungeon Overview and Level Annotations

Branches:
Dungeon (4/15)
 Temple: D:4-7

Altars:
Sif Muna


Innate Abilities, Weirdness & Mutations

You are a hulking beast.
Your limbs bulge with bestial killing power. (Slay +2)
You cannot wear most types of armour.
You are amphibious.
You can wear up to eight rings at the same time.
Your skin changes colour to match your surroundings (Stealth+).
Your rubbery body absorbs attacks. (AC +1, EV +1)
((You are camouflaged when in or above water. (Stealth+)))
You have tentacles for arms and can constrict up to eight enemies at once.


Message History

The scorpion stings you.
You are poisoned.
The scorpion poisons you!
You tentacle-slap the scorpion.
The scorpion is moderately wounded.
You constrict the scorpion.
You feel very sick. The scorpion closely misses you.
You tentacle-slap the scorpion.
The scorpion is heavily wounded.
You constrict the scorpion.
You feel sick. The scorpion barely misses you. You block the scorpion's attack.
You tentacle-slap the kobold. You grab the kobold.
The kobold is moderately wounded.
You constrict the scorpion. You constrict the kobold.
You kill the kobold!
You feel sick.
The scorpion stings you but does no damage.
You tentacle-slap the scorpion but do no damage.
The scorpion is heavily wounded.
You constrict the scorpion, but do no damage.
You feel sick. The scorpion misses you. The ball python barely misses you.
The ball python grabs you. The ball python constricts you.
You barely miss the ball python. You grab the ball python.
You squeeze the ball python.
You kill the ball python!
You constrict the scorpion.
You feel sick. You block the scorpion's attack.
You tentacle-slap the iguana but do no damage.
Your grab misses the iguana. You constrict the scorpion.
You feel sick. The iguana bites you! You block the scorpion's attack.
You tentacle-slap the iguana but do no damage.
You grab the iguana.
Your tentacle-slap misses the iguana.
You constrict the scorpion.
You kill the scorpion!
You constrict the iguana.
You feel sick. The iguana bites you.
You have reached level 6!
You tentacle-slap the iguana but do no damage.
The iguana is lightly wounded.
You constrict the iguana.
You feel sick. The iguana bites you!
You die...

#...#..#.##.....###.....
#...#.##.#..###..#......
..#.##.....#.......... .
#....#.........#..... ..
#....#.........##...#
...#....#.........#.....
.............#..........
.......l.#..###..#......
......)h.##.....###.....
.......†.#....... .###.
.................. ..
.........##..!..#..
...#.....###...##
..###...## .. . #...# .
#...#


You could see an iguana.

Vanquished Creatures
  A scorpion (D:4)
  A howler monkey (D:3)
  Jessica (D:3)
  Robin (D:3)
  2 worms (D:2)
  A dart slug (D:1)
  7 orcs
  7 ball pythons
  6 endoplasms
  2 giant cockroaches
  13 goblins
  12 hobgoblins
  8 jackals
  9 kobolds
  3 quokkas
  4 bats
  3 frilled lizards
  12 rats
93 creatures vanquished.

Notes
Turn   | Place    | Note
-------+----------+-------------------------------------------
     0 | D:1      | monsoonserge the Octopode Shapeshifter began the quest for
                  | the Orb.
     0 | D:1      | Reached XP level 1. HP: 13/13 MP: 1/1
   138 | D:1      | Reached XP level 2. HP: 15/18 MP: 2/2
   475 | D:1      | Reached skill level 1 in Stealth
   505 | D:1      | Reached skill level 4 in Unarmed Combat
   505 | D:1      | Reached XP level 3. HP: 23/23 MP: 3/3
  1128 | D:2      | Reached XP level 4. HP: 28/28 MP: 4/4
  1429 | D:3      | Noticed Jessica
  1436 | D:3      | Killed Jessica
  1452 | D:3      | Identified the -2 helmet "Suifeval" {Rampage rF+ Str-2
                  | Dex+3}
  1452 | D:3      | Noticed Robin
  1495 | D:3      | Killed Robin
  1496 | D:3      | Reached XP level 5. HP: 21/33 MP: 5/5
  1559 | D:3      | Found a shimmering blue altar of Sif Muna.
  1568 | D:3      | Reached skill level 5 in Unarmed Combat
  1904 | D:3      | Found a faded altar of an unknown god.
  2206 | D:4      | Reached XP level 6. HP: 11/38 MP: 6/6
  2206 | D:4      | Slain by an iguana

Illustrated notes

Levels and vault maps discovered:
D:1:      onia_arrival_mini_maze, layout_basic
D:2:      layout_basic, minmay_misc_feat_roman, chequers_serial_rivers_small_a,
          hangedman_decor_peaks_small
D:3:      layout_basic, old_standard_altar, dreamdust_ecumenical_altar_statues,
          uniq_jessica, uniq_robin
D:4:      nicolae_cairo_tiling_large_dashed, layout_rooms, lemuel_round_altar,
          mainiacjoe_overflow_divided_tiny, minmay_misc_feat_cross,
          kennysheep_cluttered_room

Skill      XL: |  1  2  3  4  5 |
---------------+----------------+-----
Stealth        | 1 |  1.0
Unarmed Combat | 4 5 |  5.6
Fighting       | |  1.6
Dodging        | |  2.9
Shapeshifting  | |  3.5

Action                     |  1- 3 |  4- 6 || total
---------------------------+-------+-------++-------
  Melee: Unarmed           |    70 |    88 ||   158
         Constrict         |    16 |    24 ||    40
         Tentacles         |    10 |    10 ||    20
         Punch             |     3 |     2 ||     5
   Stab: Sleeping          |     8 |     3 ||    11
 Armour: Skin              |    24 |    57 ||    81
  Dodge: Dodged            |    38 |    72 ||   110
  Block: Other             |       |     6 ||     6

Table legend: (Time is in decaauts)
 A = Elapsed time spent in this place.
 B = Non-inter-level travel time spent in this place.
 C = Inter-level travel time spent in this place.
 D = Time resting spent in this place.
 E = Time spent auto-exploring this place.
 F = Levels seen in this place.
 G = Mean time per level.
                   A        B        C        D        E       F      G
               +--------+--------+--------+--------+--------+-----+--------+
         Total |   2191 |   2125 |     66 |      0 |   1409 |   4 |  547.8 |
       Dungeon |   2191 |   2125 |     66 |      0 |   1409 |   4 |  547.8 |
               +--------+--------+--------+--------+--------+-----+--------+

Top non-repeatable levels by time:
     D:1: 760 daAuts
     D:3: 701 daAuts
     D:2: 614 daAuts
     D:4: 114 daAuts
